 Dungeon Crawl Stone Soup version 0.28-a0-991-g956f0ee3d5 (webtiles) character file.

Game seed: 8328125615376304019

6154 horus123 the Spear-Bearer (level 10, 0/73 HPs)
             Began as a Demonspawn Berserker on Dec 5, 2021.
             Was an Elder of Trog.
             Slain by an orc knight (23 damage)
             ... on level 9 of the Dungeon.
             The game lasted 00:18:38 (11823 turns).

horus123 the Spear-Bearer (Demonspawn Berserker)   Turns: 11823, Time: 00:18:39

Health: 0/73       AC:  6    Str: 22    XL:     10   Next: 59%
Magic:  0/10       EV: 16    Int:  8    God:    Trog [****..]
Gold:   442        SH:  7    Dex: 16    Spells: 9/9 levels left

rFire   . . .      SeeInvis .   n - +5 trident (venom)
rCold   + . .      Faith    .   u - +2 buckler
rNeg    . . .      Spirit   +   b - +1 animal skin
rPois   +          Reflect  .   r - +0 helmet
rElec   +          Harm     +   (no cloak)
rCorr   .          Rampage  .   p - +0 pair of gloves of True Grit {Harm rElec Dex+3}
Will    ++...                   (no boots)
Stlth   +.........              (no amulet)
HPRegen 1.22/turn               i - ring of poison resistance
MPRegen 0.24/turn               h - ring of protection from cold

@: mighty, strong-willed, regenerating
A: claws 2, powered by pain 1, magic shield, magic regeneration, sharp scales 1
a: Renounce Religion, Berserk, Trog's Hand, Brothers in Arms


You were on level 9 of the Dungeon.
You worshipped Trog.
Trog was greatly pleased with you.
You visited 2 branches of the dungeon, and saw 10 of its levels.

You collected 613 gold pieces.
You spent 171 gold pieces at shops.

Inventory:

Hand Weapons
 a - a +0 spear of flaming
 n - a +5 trident of venom (weapon)
Missiles
 t - a throwing net (quivered)
Armour
 b - a +1 animal skin (worn)
 p - the +0 pair of gloves of True Grit (worn) {Harm rElec Dex+3}
   (You bought it in a shop on level 3 of the Dungeon)

   Dex:       It affects your dexterity (+3).
   rElec:     It insulates you from electricity.
   Harm:      It increases damage dealt and taken.
 r - a +0 helmet (worn)
 u - a +2 buckler (worn)
Jewellery
 h - a ring of protection from cold (right hand)
 i - a ring of poison resistance (left hand)
 w - a ring of see invisible
Wands
 e - a wand of iceblast (20)
 q - a wand of flame (30)
Scrolls
 c - a scroll of fog
 l - 4 scrolls of teleportation
 o - a scroll of magic mapping
 s - 5 scrolls of identify
Potions
 d - 3 potions of haste
 f - a potion of invisibility
 g - 4 potions of brilliance
 j - 3 potions of heal wounds
 k - 2 potions of mutation
 m - 2 potions of curing


   Skills:
 + Level 4.8 Fighting
 - Level 11.2 Polearms
 - Level 1.7 Armour
 - Level 7.8 Dodging
 - Level 5.2 Shields


You had 9 spell levels left.
You didn't know any spells.
Your spell library was empty.

Dungeon Overview and Level Annotations

Branches:
Dungeon (9/15)             Temple (0/1) D:6             Orc (1/2) D:9
   Lair: D:8-11

Altars:

Shops:
D:1 (   D:3 *   D:4 [

Annotations:
D:5 4 runed translucent doors, Crazy Yiuf


Innate Abilities, Weirdness & Mutations

You have very sharp fingernails.
You sometimes gain a little power by taking damage.
When hurt, damage is shared between your health and your magic reserves.
You regenerate magic rapidly.
You are partially covered in razor-sharp scales. (AC +1, Slay +1)


Message History

You puncture the orc!
You kill the orc!
Trog accepts your kill.
Things that are here:
a +0 hand axe; an orc corpse
Items here: )) [[ †.
Things that are here:
a +0 mace; a +0 plate armour; an orc corpse You feel the effects of Trog's Hand fading.
Your skin stops crawling.
You feel less strong-willed.
Key pressed, stopping explore.
HP restored.
Done exploring.
You see here a +0 whip.
Things that are here:
a +0 ring mail; a +0 dagger
There is a staircase to the Orcish Mines, spattered with blood here.
You see here a +0 flail.
You climb downwards.
Welcome back to the Orcish Mines!
The orc hits you with a +0 short sword. The orc warrior closely misses you.
The orc barely misses you.
The orc knight roars a battlecry!
The orcs go into a battle-frenzy!
An orc comes into view. It is wielding a +0 falchion.
An orc warrior comes into view. It is wielding a +0 battleaxe.
The orc warrior hits you with a +0 dire flail!!
You focus on the pain.
You feel very mighty all of a sudden. The orc hits you with a +0 dagger.
There is a staircase back to the Dungeon, spattered with blood here.
You block the orc knight's attack. The troll bites you! The troll claws you.
The troll claws you but does no damage. You block the orc warrior's attack.
The orc closely misses you.
You climb upwards.
Welcome back to the Dungeon!
There is a staircase to the Orcish Mines, spattered with blood here.
You see here a +0 flail.
Your skin crawls.
You feel strong-willed.
The orc knight hits you with a +0 broad axe!!
You die...

#>.............................
#.####.###################.....
#.# ##..####### ##..#### #.....
#.# #..###....###......###.....
#.# #.##.#.#.##.#...##...#'##..
#.# #...#[.###......#.###......
#.# #.#.....##.#..#.#.#.##.##.#
#.# #..##..#.#oT...#.#.###....#
#.####..#..##o@.#..#.##.##.#..#
#..#....#.....o#..#.###.##.#..#
#######.##..#.#)..#..##.####+#...
.....#######.#.#...#..#...##..#.#
.....##..###...#.#.#.....###..#.#
#.#####..))).##..#...##.#.##..#.#
#.# ##.###..##.##.##..####.....
#.# ###..o.#.#.....#..#...##.....
#.# #..##.#.###..#####..#.##..#.#


You could see an orc knight, a troll, an orc warrior (strong) and an orc
(strong).

Vanquished Creatures
  A manticore (shapeshifter) (D:4)
  Joseph (D:8)
  A kobold demonologist (D:9)
  A hornet (D:7)
  Grinder (D:4)
  3 yaks (D:9)
  Menkaure (D:7)
  2 wargs (D:9)
  Duvessa (D:4)
  3 orc warriors
  3 sky beasts
  4 ogres
  A phantom (D:7)
  2 bullfrogs
  4 kobold brigands
  3 scorpions
  2 wyvern zombies
  A gnoll sergeant (D:6)
  A water moccasin zombie (D:6)
  A water moccasin skeleton (D:6)
  Dowan (D:4)
  9 killer bees (D:9)
  9 wights (D:8)
  A centaur zombie (D:9)
  6 hounds
  3 jellies
  A bullfrog zombie (D:6)
  A centaur skeleton (D:4)
  4 bullfrog skeletons
  7 orc priests
  A gnoll shaman (D:4)
  2 iguanas
  6 orc wizards
  A hound zombie (D:5)
  2 howler monkey zombies
  Robin (D:4)
  9 adders
  4 gnolls
  An ufetubus (D:5)
  2 dart slugs (D:3)
  38 orcs
  6 bats
  6 endoplasms
  5 giant cockroaches
  17 goblins
  9 hobgoblins
  9 jackals
  12 kobolds
  3 quokkas
  6 ball pythons
  4 frilled lizards
  9 rats
232 creatures vanquished.

Notes
Turn   | Place    | Note
-------+----------+-------------------------------------------
     0 | D:1      | horus123 the Demonspawn Berserker began the quest for the
                  | Orb.
     0 | D:1      | Reached XP level 1. HP: 18/18 MP: 1/1
    39 | D:1      | Reached skill level 3 in Polearms
    55 | D:1      | Gained mutation: You sometimes gain a little power by
                  | taking damage. [demonic ancestry]
    55 | D:1      | Reached XP level 2. HP: 6/24 MP: 2/2
   283 | D:1      | Found Mollan's Antique Weapon Shoppe.
   559 | D:1      | Found a faded altar of an unknown god.
   673 | D:1      | Reached ** piety under Trog
   682 | D:1      | Gained mutation: You have sharp fingernails. [demonic
                  | ancestry]
   682 | D:1      | Reached XP level 3. HP: 19/29 MP: 3/3
  1010 | D:2      | Reached skill level 4 in Polearms
  1693 | D:3      | Gained mutation: You regenerate magic rapidly. [demonic
                  | ancestry]
  1693 | D:3      | Reached XP level 4. HP: 35/35 MP: 4/4
  2017 | D:3      | Found Ybuel's Assorted Antiques.
  2035 | D:3      | Reached skill level 5 in Polearms
  2207 | D:3      | Reached XP level 5. HP: 14/41 MP: 5/5
  2340 | D:3      | You fall into a shaft and drop 3 floors!
  2397 | D:6      | Reached skill level 6 in Polearms
  2481 | D:6      | Reached XP level 6. HP: 34/47 MP: 6/6
  2506 | D:5      | Entered Level 5 of the Dungeon
  3038 | D:5      | Noticed an ice beast
  3098 | D:5      | Found a runed translucent gate.
  3098 | D:5      | Found a runed translucent gate.
  3158 | D:5      | Found a runed translucent gate.
  3284 | D:5      | Found a runed translucent door.
  3285 | D:5      | Noticed Crazy Yiuf
  3344 | D:4      | Noticed Duvessa
  3355 | D:4      | Killed Duvessa
  3356 | D:4      | Reached skill level 7 in Polearms
  3357 | D:4      | Noticed Dowan
  3544 | D:5      | Noticed a sky beast
  3553 | D:5      | Reached XP level 7. HP: 52/52 MP: 7/7
  3653 | D:5      | Reached skill level 8 in Polearms
  4028 | D:4      | Reached skill level 9 in Polearms
  4028 | D:4      | Gained mutation: When hurt, damage is shared between your
                  | health and your magic reserves. [demonic ancestry]
  4028 | D:4      | Reached XP level 8. HP: 27/58 MP: 8/8
  4179 | D:4      | Noticed Robin
  4200 | D:4      | Killed Robin
  4386 | D:4      | Noticed a shapeshifter
  4386 | D:4      | a howler monkey changed into a shapeshifter
  4386 | D:4      | Noticed a komodo dragon
  4386 | D:4      | a shapeshifter changed into a komodo dragon
  4389 | D:4      | Noticed a manticore
  4389 | D:4      | a komodo dragon changed into a manticore
  4399 | D:4      | Killed a manticore
  4400 | D:4      | Reached skill level 10 in Polearms
  4420 | D:4      | Noticed Grinder
  4470 | D:4      | Killed Grinder
  4637 | D:4      | Killed Dowan
  4788 | D:4      | Found Boki's Armour Shop.
  4833 | D:4      | Reached skill level 11 in Polearms
  5028 | D:4      | Gained mutation: You have very sharp fingernails. [demonic
                  | ancestry]
  5028 | D:4      | Reached XP level 9. HP: 15/63 MP: 3/9
  5686 | D:3      | Reached *** piety under Trog
  6210 | D:3      | Bought a pair of transparent gloves for 171 gold pieces
  6210 | D:3      | Identified the +0 pair of gloves of True Grit {Harm rElec
                  | Dex+3} (You bought it in a shop on level 3 of the Dungeon)
  6898 | D:6      | Found a staircase to the Ecumenical Temple.
  7706 | D:7      | Reached skill level 5 in Dodging
  7911 | D:7      | Noticed Menkaure
  7922 | D:7      | Killed Menkaure
  8615 | D:8      | HP: 2/55 [wight (7)]
  9083 | D:8      | Noticed Joseph
  9092 | D:8      | HP: 4/85 [Joseph/sling bullet (17)]
  9095 | D:8      | Killed Joseph
  9096 | D:8      | Gained mutation: You are partially covered in razor-sharp
                  | scales. (AC +1, Slay +1) [demonic ancestry]
  9096 | D:8      | Reached XP level 10. HP: 7/70 MP: 2/10
  9913 | D:9      | Reached skill level 1 in Shields
 10173 | D:9      | Reached **** piety under Trog
 10499 | D:9      | Reached skill level 5 in Shields
 10690 | D:9      | Found a staircase to the Orcish Mines.
 11504 | Orc:1    | Entered Level 1 of the Orcish Mines
 11514 | Orc:1    | Noticed a two-headed ogre
 11516 | Orc:1    | Noticed an orc high priest
 11649 | Orc:1    | Noticed an orc knight
 11650 | Orc:1    | Noticed a smoke demon
 11823 | D:9      | Slain by an orc knight

Illustrated notes

Levels and vault maps discovered:
D:1:      shiori_shiawase, layout_rooms, serial_shops, nicolae_shop_stone,
          ebering_ecumenical_altar_sacrificial
D:2:      layout_basic
D:3:      layout_basic, serial_shops, nicolae_shop_waterfront,
          grunt_ministairs_11, fountainhead, corexii_shack, dk_noncrumbling_3
D:4:      layout_layer_cave, serial_shops, nicolae_square_shop,
          chequers_serial_rivers_large_b, kennysheep_crisscross,
          minmay_distorted, uniq_grinder, uniq_robin, uniq_duvessa
D:5:      layout_cave_pods, gammafunk_ghost_icy, cheibrodos_sewer_entry_sluice,
          uniq_eustachio, uniq_crazy_yiuf_cottage
D:6:      minmay_inner_zag, layout_loops_cross, temple_pool_b,
          amcnicky_mini_corridor_feature
D:7:      layout_basic, uniq_menkaure
D:8:      layout_loops_ring, uniq_joseph
D:9:      layout_basic, erik_orc_3
Orc:1:    layout_caves, serial_shops, nicolae_lakefront_shop

Skill      XL: |  1  2  3  4  5  6  7  8  9 10 |
---------------+-------------------------------+-----
Polearms       | 3 4 5 6 7 9 11 | 11.2
Dodging        | 7 |  7.8
Fighting       | 4 |  4.8
Shields        | 5 |  5.2
Armour         | |  1.7

Action                   |  1- 3 |  4- 6 |  7- 9 | 10-12 || total
-------------------------+-------+-------+-------+-------++-------
Melee: Spear             |   139 |   134 |   308 |       ||   581
       Trident           |       |       |   167 |   169 ||   336
Invok: Trog's Hand       |       |     4 |     9 |     3 ||    16
       Berserk           |       |     3 |     6 |       ||     9
  Use: Scroll            |     3 |     3 |     7 |     6 ||    19
       Potion            |       |     1 |       |       ||     1
 Stab: Sleeping          |     4 |     1 |     4 |     1 ||    10
       Petrifying        |       |       |     1 |       ||     1
Armor: Animal skin       |    15 |    13 |    28 |    19 ||    75
Dodge: Dodged            |    74 |    76 |   161 |    82 ||   393
Block: Buckler           |       |       |       |    33 ||    33

Table legend: (Time is in decaauts)
 A = Elapsed time spent in this place.
 B = Non-inter-level travel time spent in this place.
 C = Inter-level travel time spent in this place.
 D = Time resting spent in this place.
 E = Time spent auto-exploring this place.
 F = Levels seen in this place.
 G = Mean time per level.
                   A        B        C        D        E       F      G
               +--------+--------+--------+--------+--------+-----+--------+
         Total |  11707 |  11466 |    241 |    806 |   8963 |  10 | 1170.7 |
       Dungeon |  11685 |  11445 |    240 |    806 |   8963 |   9 | 1298.3 |
  Orcish Mines |     21 |     21 |      0 |      0 |      0 |   1 |   21.0 |
               +--------+--------+--------+--------+--------+-----+--------+

Top non-repeatable levels by time:
     D:9: 2059 daAuts
     D:4: 1967 daAuts
     D:5: 1385 daAuts
     D:3: 1350 daAuts
     D:6: 1192 daAuts
     D:8: 1169 daAuts
     D:1: 905 daAuts
     D:7: 885 daAuts
     D:2: 770 daAuts
   Orc:1: 21 daAuts
